 Dungeon Crawl Stone Soup version 0.24.1-14-gf8d2b509d9 (webtiles) character file.

Game seed: 463628748072773095, levelgen mode: deterministic

56 Descartes the Shield-Bearer (level 3, 0/29 HPs)
             Began as a Demonspawn Fighter on May 16, 2020.
             Succumbed to an adder's poison
             ... on level 2 of the Dungeon.
             The game lasted 00:02:53 (776 turns).

Descartes the Shield-Bearer (Demonspawn Fighter)     Turns: 776, Time: 00:02:54

Health: 0/29       AC:  9    Str: 22    XL:     3   Next: 69%
Magic:  3/3        EV:  7    Int:  9    God:
Gold:   80         SH:  9    Dex: 12    Spells: 2/2 levels left

rFire    . . .     SeeInvis .   a - +0 long sword
rCold    . . .     Gourm    .   c - +0 shield
rNeg     . . .     Faith    .   h - +0 chain mail
rPois    .         Spirit   .   (no helmet)
rElec    .         Reflect  .   (no cloak)
rCorr    .         Harm     .   (no gloves)
MR       .....                  (no boots)
Stlth    ..........             (no amulet)
HPRegen  0.09/turn              k - -3 ring of slaying (curse)
MPRegen  0.08/turn              (no ring)

@: mighty, lethally poisoned (0 -> -3), flying
A: repulsion field 1
a: no special abilities


You were on level 2 of the Dungeon.
You were not hungry.

You visited 1 branch of the dungeon, and saw 2 of its levels.

You collected 80 gold pieces.

Inventory:

Hand Weapons
 a - a +0 long sword (weapon)
 n - a +0 short sword of electrocution
Missiles
 m - 5 boomerangs (quivered)
 o - 16 stones
Armour
 b - a +0 scale mail
 c - a +0 shield (worn)
 h - a +0 chain mail (worn)
Jewellery
 k - a cursed -3 ring of slaying (left hand)
Scrolls
 e - 2 scrolls of teleportation {unknown}
 j - a scroll of noise {unknown}
 l - a scroll of identify {unknown}
 p - a scroll of fear {unknown}
Potions
 i - 2 potions of flight
Comestibles
 f - 4 rations
 g - a chunk of flesh


   Skills:
 - Level 3.3 Fighting
 - Level 1.7 Long Blades
 - Level 3.0 Armour
 + Level 3.9 Shields


You had 2 spell levels left.
You didn't know any spells.
Your spell library was empty.

Dungeon Overview and Level Annotations

Branches:
Dungeon (2/15)

Altars:
Makhleb


Innate Abilities, Weirdness & Mutations

You are surrounded by a mild repulsion field. (EV +2)


Message History

It was a potion of flight.
You feel very buoyant.
You fly up into the air.
* * * LOW HITPOINT WARNING * * *
You feel sick. The adder bites you but does no damage.
You feel very mighty all of a sudden.
* * * LOW HITPOINT WARNING * * *
You feel sick. The adder bites you but does no damage.
You closely miss the adder.
The adder is severely wounded.
The adder bites you but does no damage. You block the adder's attack.
You closely miss the adder.
The adder is severely wounded.
* * * LOW HITPOINT WARNING * * *
You feel sick. The adder bites you but does no damage.
You block the adder's attack.
You slash the adder!
You kill the adder!
You barely miss the rat.
You die...

#.............
#.........#
#.......# ##.# #.w#
#.####### #
#...._#2#
#.###.#######
#..@rw..#
#####.#####
#...<.....#
#........##
####....(...#
..........#.# ## .#
.####..###....###...
.# ##.#.....#
#.#......# .#
#..#.....###.#....##


You could see a dart slug and a rat.

Vanquished Creatures
  3 adders (D:2)
  A leopard gecko (D:2)
  4 giant cockroaches (D:1)
  3 goblins (D:1)
  3 hobgoblins
  4 bats
  2 frilled lizards (D:1)
  3 kobolds (D:1)
  7 rats
30 creatures vanquished.

Notes
Turn   | Place    | Note
-------+----------+-------------------------------------------
     0 | D:1      | Descartes the Demonspawn Fighter began the quest for the
                  | Orb.
     0 | D:1      | Reached XP level 1. HP: 18/18 MP: 1/1
    15 | D:1      | Gained mutation: You are surrounded by a mild repulsion
                  | field. (EV +2) [demonic ancestry]
    15 | D:1      | Reached XP level 2. HP: 23/24 MP: 2/2
   442 | D:2      | Reached XP level 3. HP: 14/29 MP: 3/3
   728 | D:2      | Found a burning altar of Makhleb.
   728 | D:2      | Noticed a balrug
   774 | D:2      | HP: 1/29 [poisoned by an adder]
   776 | D:2      | Succumbed to an adder's poison

Levels and vault maps discovered:
D:1:      saegor_arrival_simple_a, layout_rooms, minmay_misc_feat_tiny
D:2:      layout_rooms, makhleb_altar_promises_db, tso_metal_star,
          old_standard_altar, first_ration, kennysheep_cluttered_room,
          grunt_decor_cap, small_statue_intersection, st_stairs_8,
          nrook_campfire, minmay_tromino_mix6

Skill      XL: |  1  2 |
---------------+-------+-----
Armour         | 3 |  3.0
Shields        | 3 |  3.9
Fighting       | |  3.3
Long Blades    | |  1.7

Action                   || total
-------------------------++-------
Melee: Long sword        ||   139
  Use: Potion            ||     2
Armor: Scale mail        ||    33
       Chain mail        ||    78
Dodge: Dodged            ||    54
Block: Shield            ||    87
       Rpst.: Long sword ||    19
